 Dungeon Crawl Stone Soup version 0.21.1-1-g345015f (webtiles) character file.

724 tyranidshit the Skirmisher (level 7, -4/59 HPs)
             Began as a Demonspawn Abyssal Knight on July 31, 2018.
             Was a Priest of Lugonu.
             Slain by a river rat (6 damage)
             ... in a sewer.
             The game lasted 00:09:36 (3029 turns).

tyranidshit the Skirmisher (DsAK)                   Turns: 3029, Time: 00:09:37

Health: -4/59      AC:  3    Str: 14    XL:     7   Next: 43%
Magic:  11/11      EV: 17    Int: 14    God:    Lugonu [***...]
Gold:   134        SH:  0    Dex: 21    Spells: 6/6 levels left

rFire    + . .     SeeInvis .   a - +2 hand axe
rCold    . . .     Gourm    .   (no shield)
rNeg     . . .     Faith    .   m - +1 robe of Zuanee {-Cast rF+ rCorr Dex+4}
rPois    +         Spirit   .   (no helmet)
rElec    .         Reflect  .   (no cloak)
rCorr    +         Harm     +   (no gloves)
MR       +....     NoCast   +   (boots unavailable)
Stlth    ++........             k - amulet of harm
HPRegen  0.19/turn              g - ring of protection from magic
MPRegen  0.12/turn              j - ring of poison resistance

@: agile, very slow
A: hooves 3, powered by pain 1
a: Depart the Abyss, Bend Space, Banish, Renounce Religion


You were in a sewer.
You worshipped Lugonu.
Lugonu was most pleased with you.
You were hungry.

You visited 1 branch of the dungeon, and saw 4 of its levels.
You visited the Abyss 1 time.
You also visited: Sewer.

You collected 134 gold pieces.

Inventory:

Hand Weapons
 a - a +2 hand axe (weapon)
Armour
 b - a +0 leather armour
 e - a +1 ring mail
 m - the +1 robe of Zuanee (worn) {-Cast rF+ rCorr Dex+4}
   (You found it on level 4 of the Dungeon)

   It affects your dexterity (+4).
   It protects you from fire.
   It prevents spellcasting.
   It protects you from acid and corrosion.
Jewellery
 d - an uncursed amulet of the gourmand
 g - a ring of protection from magic (left hand)
 j - a ring of poison resistance (right hand)
 k - an amulet of harm (around neck)
Wands
 l - a wand of random effects (26)
Scrolls
 f - a scroll of teleportation
Potions
 i - 2 potions of agility
Comestibles
 c - 4 rations


   Skills:
 - Level 6.5 Fighting
 - Level 1.7 Axes
 - Level 1.7 Armour
 - Level 0.8 Dodging
 + Level 5.8 Invocations
 + Level 3.8 Evocations


You had 6 spell levels left.
You didn't know any spells.

Dungeon Overview and Level Annotations

Branches:
Dungeon (4/15)             Temple (0/1) D:4

Altars:

Annotations:
D:4 Menkaure, Sigmund


Innate Abilities, Weirdness & Mutations

You have hooves in place of feet.
You sometimes gain a little power by taking damage.


Message History

The river rat bites you but does no damage.
The river rat bites you!
Unknown command.
You hit the river rat but do no damage. You kick the river rat!
The river rat is almost dead.
You hit the river rat but do no damage. You barely miss the river rat.
The river rat bites you. x2
* * * LOW HITPOINT WARNING * * *
The river rat closely misses you. The river rat bites you.
* * * LOW HITPOINT WARNING * * *
Your unstable footing causes you to fumble your attack.
The river rat closely misses you. The river rat barely misses you.
The rat bites you but does no damage. The river rat bites you.
* * * LOW HITPOINT WARNING * * *
The river rat closely misses you. x2
Unknown command.
You feel agile all of a sudden. The rat barely misses you.
The river rat misses you. The river rat completely misses you.
The river rat bites you.
You die...

##. #. ##. ##..
####################...
##..≈≈≈≈≈≈≈≈≈≈≈≈≈≈≈#....
....≈≈r≈≈≈≈≈≈≈≈≈≈≈≈≈....
....rrrr≈≈≈≈≈≈≈≈≈≈≈.....
....≈≈r@≈≈≈≈≈≈≈≈≈≈≈.....
....r≈r≈≈≈≈≈≈≈≈≈≈≈≈....#
...#≈≈≈≈≈≈≈≈.≈≈≈≈≈≈#.###
. ###################


You could see 3 river rats and 5 rats.

Vanquished Creatures
  Grinder (D:4)
  An ogre (D:4)
  The ghost of TheNamelessOne the Insei, an amateur OpTm of Makhleb (D:3)
  Blork the orc (D:4)
  A crimson imp (D:2)
  Jessica (D:2)
  An orc wizard (D:3)
  A howler monkey skeleton (D:4)
  A gnoll (D:1)
  7 adders
  2 river rats (Sewer)
  An ooze (Sewer)
  2 worms (D:2)
  2 dart slugs
  5 leopard geckos
  9 orcs (D:3)
  3 giant cockroaches
  6 goblins
  8 hobgoblins
  7 jackals (D:1)
  6 kobolds
  A quokka (D:3)
  2 ball pythons
  11 bats
  3 frilled lizards
  15 rats
99 creatures vanquished.

Notes
Turn   | Place    | Note
-------+----------+-------------------------------------------
     0 | Abyss:1  | tyranidshit the Demonspawn Abyssal Knight began the quest for the Orb.
     0 | Abyss:1  | Reached XP level 1. HP: 18/18 MP: 2/2
    43 | Abyss:1  | Noticed an ancient zyme
    43 | D:1      | Escaped the Abyss
   103 | D:1      | Reached * piety under Lugonu
   185 | D:1      | Gained mutation: You sometimes gain a little power by taking damage. [demonic ancestry]
   185 | D:1      | Reached XP level 2. HP: 19/24 MP: 3/3
   285 | D:1      | Reached skill level 4 in Fighting
   468 | D:1      | Gained mutation: You have large cloven feet. [demonic ancestry]
   468 | D:1      | Reached XP level 3. HP: 20/30 MP: 4/4
   490 | D:1      | Reached ** piety under Lugonu
  1057 | D:2      | Reached skill level 5 in Fighting
  1057 | D:2      | Gained mutation: You have hoof-like feet. [demonic ancestry]
  1057 | D:2      | Reached XP level 4. HP: 24/39 MP: 5/5
  1385 | D:2      | Noticed Jessica
  1396 | D:2      | Killed Jessica
  1695 | D:3      | Reached XP level 5. HP: 46/46 MP: 6/6
  1749 | D:3      | Noticed TheNamelessOne's ghost (amateur OpTm)
  1755 | D:3      | Killed TheNamelessOne's ghost
  1755 | D:3      | Reached skill level 6 in Fighting
  1976 | D:3      | Reached *** piety under Lugonu
  1976 | D:3      | Gained mutation: You have hooves in place of feet. [demonic ancestry]
  1976 | D:3      | Reached XP level 6. HP: 41/53 MP: 8/8
  1979 | D:3      | Reached skill level 1 in Evocations
  2159 | D:4      | Noticed Grinder
  2166 | D:4      | Killed Grinder
  2207 | D:4      | Got a steaming robe
  2208 | D:4      | Identified the cursed +1 robe of Zuanee {-Cast rF+ rCorr Dex+4} (You found it on level 4 of the Dungeon)
  2217 | D:4      | Reached XP level 7. HP: 29/59 MP: 10/10
  2362 | D:4      | Found a staircase to the Ecumenical Temple.
  2377 | D:4      | Reached skill level 5 in Invocations
  2560 | D:4      | Noticed Blork the orc
  2572 | D:4      | Killed Blork the orc
  2665 | D:4      | Noticed Sigmund
  2668 | D:4      | Noticed Menkaure
  2670 | D:4      | Found a glowing drain.
  2683 | Sewer    | Entered a sewer
  3028 | Sewer    | HP: 2/59 [river rat (7)]
  3029 | Sewer    | Slain by a river rat

Skill      XL: |  1  2  3  4  5  6  7 |
---------------+----------------------+-----
Fighting       | 4 5 6 |  6.5
Invocations    | 4 5 |  5.8
Evocations     | 2 3 |  3.8
Axes           | |  1.7
Armour         | |  1.7
Dodging        | |  0.8

Action                   |  1- 3 |  4- 6 |  7- 9 || total
-------------------------+-------+-------+-------++-------
Melee: Hand axe          |   155 |   115 |    51 ||   321
       Kick              |    12 |    36 |     9 ||    57
Invok: Depart the Abyss  |     1 |       |       ||     1
  Use: Potion            |     2 |     2 |     2 ||     6
       Scroll            |     5 |     5 |     1 ||    11
 Stab: Sleeping          |     1 |       |       ||     1
  Eat: Ration            |       |     2 |       ||     2
Armor: Ring mail         |    78 |    47 |       ||   125
       Leather armour    |     2 |       |       ||     2
       Robe              |       |       |    20 ||    20
Dodge: Dodged            |    94 |    69 |    75 ||   238
